 Dungeon Crawl Stone Soup version 0.29-a0-819-g94b489e0ae (webtiles) character file.

Game seed: 15129443608728451967

4791 buhh the Nimble (level 10, -3/85 HPs)
             Began as an Octopode Transmuter on July 7, 2022.
             Was a High Priest of Cheibriados.
             Slain by Joseph
             ... wielding a +2 quarterstaff of speed
              (13 damage)
             ... on level 8 of the Dungeon.
             The game lasted 00:22:54 (10708 turns).

buhh the Nimble (Octopode Transmuter)              Turns: 10708, Time: 00:22:55

Health: -3/85      AC:  9    Str: 28    XL:     10   Next: 47%
Magic:  13/15      EV: 16    Int: 31    God:    Cheibriados [*****.]
Gold:   683        SH:  0    Dex: 24    Spells: 3/16 levels left

rFire   x . .      SeeInvis +     - Unarmed
rCold   + + .      Faith    .   (shield currently unavailable)
rNeg    + . .      Spirit   .   (helmet currently unavailable)
rPois   +          Reflect  .   l - amulet "Uwaim" {Acrobat rC- rN+ Str+5}
rElec   .          Harm     .   i - ring of poison resistance
rCorr   .          Rampage  .   j - ring of see invisible
Will    .....                   (no ring)
Stlth   +++.......              (no ring)
HPRegen 0.24/turn               (no ring)
MPRegen 0.14/turn               (no ring)
                                (no ring)
                                (no ring)

@: ice-form, very slow
A: freezing attack, boosted hp, almost no armour, amphibious, 8 rings, large,
(camouflage 1), (gelatinous body 1), (nimble swimmer 1), (tentacles)
a: End Transformation, Renounce Religion, Bend Time, Temporal Distortion,
Slouch, Step From Time


You were on level 8 of the Dungeon.
You worshipped Cheibriados.
Cheibriados was extremely pleased with you.
You were a creature of crystalline ice.
You visited 1 branch of the dungeon, and saw 8 of its levels.
You also visited: Ossuary.

You collected 683 gold pieces.

Inventory:

Hand Weapons
 a - a +2 antimagic dagger
Missiles
 s - 10 poisoned darts
Armour
 c - a +2 hat (melded)
Magical Staves
 e - a staff of poison
 f - a staff of conjuration
Jewellery
 i - a ring of poison resistance (left front paw)
 j - a ring of see invisible (right front paw)
 l - the amulet "Uwaim" (around neck) {Acrobat rC- rN+ Str+5}
   (You found it on level 2 of the Dungeon)

   [amulet of the acrobat]

   It increases your evasion while moving and waiting.
   Str:       It affects your strength (+5).
   rC:        It makes you vulnerable to cold.
   rN:        It protects you from negative energy.
 H - a ring of ice
Wands
 w - a wand of roots (13)
 y - a wand of charming (11)
 G - a wand of digging (6)
Scrolls
 b - 6 scrolls of teleportation {!d}
 d - a scroll of vulnerability
 g - 2 scrolls of enchant weapon {unknown}
 k - 2 scrolls of enchant armour {unknown}
 o - a scroll of silence {unknown}
 p - 2 scrolls of magic mapping {unknown}
 q - a scroll of immolation {unknown}
 r - a scroll of noise {unknown}
 t - 3 scrolls of brand weapon {unknown}
 x - 2 scrolls of blinking {unknown}
 D - a scroll of identify {!d}
 F - a scroll of poison {unknown}
Potions
 h - 2 potions of curing {!q!d}
 m - a potion of attraction
 n - 3 potions of haste {!q!d}
 u - a potion of resistance {unknown}
 v - a potion of magic {unknown}
 z - a potion of cancellation {unknown}
 A - a potion of might
 B - a potion of heal wounds {unknown}
 C - 3 potions of ambrosia {unknown}
 E - a potion of invisibility {!q!d}
 I - 2 potions of degeneration {unknown}


   Skills:
 * Level 7.6 Fighting
 - Level 8.0 Dodging
 - Level 2.0 Stealth
 * Level 7.5 Unarmed Combat
 * Level 3.7 Spellcasting
 * Level 4.6 Transmutations
 - Level 5.0 Ice Magic
 - Level 2.0 Poison Magic


You had 3 spell levels left.
You knew the following spells:

 Your Spells              Type           Power      Damage    Failure   Level
a - Beastly Appendage     Tmut           68%        N/A       1%          1
b - Wereblood             Tmut           34%        N/A       1%          2
c - Spider Form           Tmut/Pois      26%        N/A       4%          3
d - Ice Form              Ice/Tmut       35%        N/A       9%          4
e - Ozocubu's Armour      Ice            36%        N/A       2%          3

Your spell library contained the following spells:

 Spells                   Type           Power      Damage    Failure   Level
 Magic Dart               Conj           20%        1d4       6%          1
 Call Imp                 Summ           5%         N/A       10%         2
 Sublimation of Blood     Necr           5%         N/A       10%         2
 Mephitic Cloud           Conj/Pois/Air  9%         N/A       14%         3
 Petrify                  Tmut/Erth      20%        N/A       24%         4
 Alistair's Intoxication  Tmut/Pois      17%        N/A       41%         5
 Metabolic Englaciation   Hex/Ice        10%        N/A       52%         5
 Irradiate                Conj/Tmut      10%        3d16      54%         5
 Borgnjor's Vile Clutch   Necr/Erth      2%         N/A       86%         5
 Eringya's Noxious Bog    Tmut/Pois      13%        N/A       94%         6
 Simulacrum               Ice/Necr       10%        N/A       98%         6
 Fire Storm               Conj/Fire      2%         8d1       100%        9


Dungeon Overview and Level Annotations

Branches:
Dungeon (8/15) Zot: 38987  Temple (0/1) D:6         Ossuary (visited)
   Lair: D:8-11

Altars:
Cheibriados

Shops:
D:3 [

Annotations:
D:2 1 runed translucent door, Crazy Yiuf
D:8 Joseph


Innate Abilities, Weirdness & Mutations

You are a creature of crystalline ice.
You have a powerful freezing melee attack.
Your maximum health is increased.
Your armour is entirely melded.
You are incapable of wielding weapons or throwing items.
You cannot wear most types of armour.
You are amphibious.
You can wear up to eight rings at the same time.
((Your skin changes colour to match your surroundings (Stealth+).))
((Your rubbery body absorbs attacks. (AC +1, EV +1)))
((You are camouflaged when in or above water. (Stealth+)))
((You have tentacles for arms and can constrict up to eight enemies at once.))


Message History

Joseph smiles happily.
Joseph zaps a wand.
The roots erupt in riotous growth!
The grasping roots grab you! The grasping roots constrict you.
Joseph shoots a sling bullet.
The sling bullet hits you but does no damage.
The grasping roots constrict you.
You escape the roots grasp.
Joseph unwields a +0 sling.
Joseph wields a +2 quarterstaff of speed.
Joseph completely misses you.
You hit Joseph. You freeze Joseph.
Joseph is lightly wounded.
Joseph zaps a wand.
The roots erupt in riotous growth!
The grasping roots grab you!
Joseph is unaffected.
The grasping roots constrict you.
You barely miss Joseph.
Joseph is lightly wounded.
Joseph closely misses you. The grasping roots constrict you.
You barely miss Joseph.
Joseph is lightly wounded.
Joseph hits you with a +2 quarterstaff of speed!!
The grasping roots constrict you!
* * * LOW HITPOINT WARNING * * *
Joseph completely misses you. The grasping roots constrict you.
* * * LOW HITPOINT WARNING * * *
Really quaff
h - 5 potions of curing {!q!d}?
You feel better.
Joseph hits you with a +2 quarterstaff of speed!
* * * LOW HITPOINT WARNING * * *
The grasping roots constrict you!
* * * LOW HITPOINT WARNING * * *
Really quaff
h - 4 potions of curing {!q!d}?
You feel better. Joseph barely misses you. The grasping roots constrict you!
* * * LOW HITPOINT WARNING * * *
Joseph barely misses you. The grasping roots constrict you.
* * * LOW HITPOINT WARNING * * *
The grasping roots release their grip on you.
Really quaff
h - 3 potions of curing {!q!d}?
You feel better.
Joseph hits you with a +2 quarterstaff of speed!
You die...

######## #.....). #######
#.###### #....[# ##.##.###
##############...[.###........)
#.............Y@...... ###.....
#.##########.#........ #...).
#.# #.#......##.###..... #.#
#..................# #.#
###.####...........# #.# #.#
#......###### #.# #.# #..##..#
## #.# #.# #..##..# #. #.#
#..##..#####.


You could see Joseph.

Vanquished Creatures
  Pikel (D:5)
  A hornet (D:8)
  Prince Ribbit (D:7)
  Sigmund (D:6)
  Eustachio (D:6)
  A wyvern (D:8)
  Grum (D:8)
  Edmund (D:4)
  Duvessa (D:5)
  A water moccasin (D:7)
  2 orc warriors
  An ice beast (D:7)
  2 wolves (D:8)
  An ogre (D:5)
  A centaur (D:4)
  2 elf zombies (Ossuary)
  3 phantoms
  Blork the orc (D:5)
  A bullfrog (D:7)
  6 scorpions
  Dowan (D:5)
  9 wights
  2 killer bees (D:7)
  A howler monkey (D:6)
  A human zombie (Ossuary)
  4 jellies
  2 hounds (D:6)
  4 orc priests
  11 iguanas
  Natasha (D:2)
  2 orc wizards
  2 mummies (Ossuary)
  Robin (D:3)
  9 adders
  3 shadow imps
  2 white imps (D:6)
  5 worms
  5 dart slugs
  29 orcs
  10 ball pythons
  7 bats
  4 endoplasms
  2 giant cockroaches (D:1)
  17 goblins
  13 hobgoblins
  5 quokkas
  2 frilled lizards
  2 gnoll zombies (Ossuary)
  3 goblin zombies (Ossuary)
  5 hobgoblin zombies (Ossuary)
  6 kobolds
  An orc zombie (Ossuary)
  4 rats
205 creatures vanquished.

Vanquished Creatures (others)
  2 plants
2 creatures vanquished.

Grand Total: 207 creatures vanquished

Notes
Turn   | Place    | Note
-------+----------+-------------------------------------------
     0 | D:1      | buhh the Octopode Transmuter began the quest for the Orb.
     0 | D:1      | Reached XP level 1. HP: 13/13 MP: 3/3
   308 | D:1      | Reached XP level 2. HP: 15/18 MP: 3/5
   805 | D:1      | Found a faded altar of an unknown god.
  1207 | D:2      | Noticed Natasha
  1256 | D:2      | Reached XP level 3. HP: 23/23 MP: 6/6
  1825 | D:2      | Identified the amulet "Uwaim" {Acrobat rC- rN+ Str+5}
  1906 | D:2      | Found a snail-covered altar of Cheibriados.
  1915 | D:2      | Reached skill level 3 in Dodging
  1915 | D:2      | Reached XP level 4. HP: 27/28 MP: 7/7
  1925 | D:2      | Became a worshipper of Cheibriados the Contemplative
  2061 | D:2      | Killed Natasha
  2237 | D:2      | Found a runed translucent door.
  2238 | D:2      | Noticed Crazy Yiuf
  2610 | D:3      | Reached * piety under Cheibriados
  2611 | D:3      | Reached XP level 5. HP: 28/33 MP: 8/8
  3170 | D:3      | Reached skill level 4 in Dodging
  3322 | D:3      | Found Keniturr's Antique Armour Boutique.
  3351 | D:4      | Noticed Robin
  3357 | D:3      | Reached ** piety under Cheibriados
  3587 | D:3      | Killed Robin
  3661 | D:4      | Noticed a centaur
  3675 | D:4      | Killed a centaur
  3676 | D:4      | Reached skill level 5 in Unarmed Combat
  3676 | D:4      | Reached XP level 6. HP: 36/38 MP: 9/9
  3738 | D:4      | Noticed Edmund
  3879 | D:4      | Learned a level 2 spell: Wereblood
  3883 | D:4      | Learned a level 3 spell: Spider Form
  4045 | D:4      | Reached skill level 5 in Dodging
  4573 | D:4      | Reached XP level 7. HP: 44/44 MP: 6/10
  4951 | D:5      | Entered Level 5 of the Dungeon
  5071 | D:5      | Got Onkirphae's Vellum of Mutated Ignition
  5108 | D:5      | Noticed Dowan
  5348 | D:5      | Reached *** piety under Cheibriados
  5353 | D:5      | Reached skill level 6 in Dodging
  5353 | D:5      | Reached XP level 8. HP: 29/54 MP: 4/11
  5589 | D:5      | Learned a level 4 spell: Ice Form
  5817 | D:5      | Noticed Blork the orc
  5852 | D:5      | Noticed Pikel
  5860 | D:5      | Killed Pikel
  5861 | D:5      | Reached skill level 7 in Dodging
  6040 | D:5      | Noticed Duvessa
  6430 | D:6      | Found a sand-covered staircase.
  6455 | Ossuary  | Entered an ossuary
  6497 | Ossuary  | Reached skill level 5 in Fighting
  6805 | Ossuary  | Reached XP level 9. HP: 61/61 MP: 8/12
  6913 | D:6      | Reached **** piety under Cheibriados
  6948 | D:6      | Found a staircase to the Ecumenical Temple.
  7041 | D:6      | Reached skill level 8 in Dodging
  7208 | D:6      | Noticed Eustachio
  7451 | D:6      | Noticed Sigmund
  7463 | D:6      | Killed Sigmund
  7589 | D:6      | Killed Eustachio
  7917 | D:5      | Killed Duvessa
  7924 | D:5      | Killed Dowan
  8366 | D:5      | Killed Blork the orc
  8672 | D:4      | Killed Edmund
  8877 | D:7      | Noticed Prince Ribbit
  8965 | D:7      | Reached skill level 5 in Ice Magic
  9485 | D:7      | Killed Prince Ribbit
  9486 | D:7      | Reached XP level 10. HP: 71/71 MP: 9/13
  9576 | D:8      | Noticed Joseph
  9701 | D:7      | Reached ***** piety under Cheibriados
  9902 | D:8      | Learned a level 3 spell: Ozocubu's Armour
 10033 | D:8      | Noticed Grum
 10043 | D:8      | Killed Grum
 10707 | D:8      | HP: 2/85 [constriction (4)]
 10708 | D:8      | Slain by Joseph

Illustrated notes

Levels and vault maps discovered:
D:1:      sevenhm_arrival_forest_fort_large_2, layout_basic,
          hellmonk_ecumenical_altar_zigzags
D:2:      layout_basic, basic_altar, minmay_misc_feat_x, minmay_ruptured,
          uniq_natasha, uniq_crazy_yiuf_cottage
D:3:      cheibrodos_helix_gallery, layout_basic, serial_shops, shop,
          amethyst_killhole, nicolae_concentric_dashed_squares_wild,
          serial_bayou_pond_b
D:4:      layout_gridville, corexii_shack, uniq_edmund, uniq_robin
D:5:      minmay_opposing_rooms, layout_basic, minmay_holes, uniq_duvessa,
          uniq_pikel, uniq_blork_the_orc
D:6:      layout_cave_pools, minmay_temple_entry_mist, enter_ossuary_1,
          minmay_puff, uniq_eustachio, uniq_sigmund
D:7:      layout_basic, hex_intersection, st_stairs_9, uniq_prince_ribbit1
D:8:      layout_loops_ring, uniq_joseph, uniq_grum

Skill      XL: |  1  2  3  4  5  6  7  8  9 10 |
---------------+-------------------------------+-----
Stealth        | 1 2 |  2.0
Dodging        | 3 4 5 6 7 8 |  8.0
Unarmed Combat | 4 5 6 7 |  7.5
Poison Magic   | 1 2 |  2.0
Fighting       | 3 5 7 |  7.6
Transmutations | 3 4 |  4.6
Ice Magic      | 2 5 |  5.0
Spellcasting   | 3 |  3.7

Action                   |  1- 3 |  4- 6 |  7- 9 | 10-12 || total
-------------------------+-------+-------+-------+-------++-------
Melee: Unarmed           |    75 |   123 |   269 |    70 ||   537
       Constrict         |    23 |    35 |     5 |     1 ||    64
       Tentacles         |    14 |    18 |     5 |       ||    37
       Kick              |    18 |    24 |       |       ||    42
       Punch             |     1 |     4 |     1 |     1 ||     7
       Dagger            |       |     9 |       |       ||     9
 Cast: Beastly Appendage |    27 |    33 |       |       ||    60
       Spider Form       |       |     5 |    35 |       ||    40
       Wereblood         |       |       |     1 |       ||     1
       Ice Form          |       |       |     5 |    13 ||    18
Invok: Bend Time         |       |       |     1 |       ||     1
Evoke: Wand              |       |       |     1 |     1 ||     2
  Use: Scroll            |       |     5 |     1 |       ||     6
       Potion            |       |       |     2 |     3 ||     5
 Stab: Sleeping          |    10 |     6 |     5 |     1 ||    22
Armor: Skin              |     6 |    12 |    15 |    12 ||    45
Dodge: Dodged            |    48 |    85 |   262 |    70 ||   465

Table legend: (Time is in decaauts)
 A = Elapsed time spent in this place.
 B = Non-inter-level travel time spent in this place.
 C = Inter-level travel time spent in this place.
 D = Time resting spent in this place.
 E = Time spent auto-exploring this place.
 F = Levels seen in this place.
 G = Mean time per level.
                   A        B        C        D        E       F      G
               +--------+--------+--------+--------+--------+-----+--------+
         Total |  13681 |  12508 |   1173 |   1537 |   8459 |   9 | 1520.1 |
       Dungeon |  13168 |  11995 |   1173 |   1297 |   8370 |   8 | 1646.0 |
       Ossuary |    512 |    512 |      0 |    240 |     89 |   1 |  512.0 |
               +--------+--------+--------+--------+--------+-----+--------+

Top non-repeatable levels by time:
     D:5: 3021 daAuts
     D:4: 2279 daAuts
     D:3: 1552 daAuts
     D:7: 1422 daAuts
     D:6: 1342 daAuts
     D:8: 1219 daAuts
     D:1: 1180 daAuts
     D:2: 1150 daAuts
 Ossuary: 512 daAuts
